Map: Apotheosis LE

Players

Fropez - Winner!

  • Race: Protoss Protoss
  • League: Gold
  • Spawn Location: 11:00

MonkeyButt

  • Race: Terran Terran
  • League: Gold
  • Spawn Location: 5:00

VOD

Have the link to the VOD?

Description

Time

  • Played on: Aug. 7, 2016, 5:57 p.m.
  • Length: 10:06
Show
View Real Time Build Order
Export as new Build Order

Fropez Protoss - Winner!

Build Orders:  

Get SALT Encoding   

  12  0:01  Probe (Chrono Boost)  
  13  0:18  Pylon  
  13  0:20  Probe (Chrono Boost)  
  14  0:36  Gateway  
  14  0:39  Probe (Chrono Boost)  
  15  0:44  Assimilator  
  15  0:49  Probe (Chrono Boost)  
  16  1:07  Probe (Chrono Boost)  
  17  1:18  Probe (Chrono Boost)  
  18  1:20  Pylon  
  18  1:27  Cybernetics Core  
  18  1:47  Nexus  
  18  1:50  Probe (Chrono Boost)  
  19  1:57  Assimilator  
  19  2:03  Warp Gate (Chrono Boost)  
  19  2:08  Adept  
  21  2:12  Probe  
  22  2:24  Pylon  
  22  2:28  Mothership Core  
  24  2:35  Adept  
  26  2:47  Pylon  
  26  2:50  Probe  
  26  2:51  Pylon  
  27  3:02  Twilight Council  
  27  3:05  Probe  
  28  3:07  Probe  
  29  3:17  Probe  
  29  3:19  Adept  
  32  3:24  Probe  
  33  3:43  Gateway  
  33  3:46  Gateway  
  33  3:53  Gateway  
  33  3:55  Probe  
  34  4:00  Resonating Glaives (Chrono Boost)  
  34  4:14  Gateway  
  34  4:19  Probe  
  34  4:20  Probe  
  36  4:25  Assimilator  
  36  4:27  Assimilator  
  36  4:30  Probe  
  37  4:41  Forge  
  37  4:43  Probe  
  38  4:46  Pylon  
  38  4:55  Gateway  
  38  4:59  Pylon  
  38  5:02  Pylon  
  38  5:08  Probe  
  38  5:09  Probe  
  40  5:14  Protoss Ground Weapons Level 1 (Chrono Boost)  
  40  5:24  Robotics Facility  
  40  5:25  Probe  
  41  5:31  Probe, Photon Cannon  
  42  5:40  Photon Cannon  
  32  6:10  Stalker x3  
  38  6:14  Probe  
  38  6:18  Observer  
  40  6:27  Sentry  
  40  6:31  Blink (Chrono Boost)  
  42  6:34  Probe  
  42  6:38  Probe  
  43  6:46  Probe  
  45  6:49  Probe  
  45  6:54  Gateway  
  44  7:09  Adept x2  
  44  7:10  Adept x3  
  54  7:38  Adept  
  54  7:39  Adept x5  
  66  7:52  Warp Prism  
  66  7:57  Probe  
  69  8:14  Probe  
  69  8:16  Probe  
  71  8:25  Probe  
  71  8:26  Nexus  
  72  8:28  Pylon  
  72  8:46  Adept x2  
  72  8:47  Adept x2  
  72  8:48  Adept  
  82  8:50  Adept  
  84  9:26  Adept x4  
  84  9:27  Adept x2  
Show
View Real Time Build Order
Export as new Build Order

MonkeyButt Terran 

Build Orders: 1/1/1, MMM Bio 

Get SALT Encoding   

  12  0:02  SCV  
  13  0:14  SCV  
  14  0:22  Supply Depot  
  14  0:26  SCV  
  15  0:44  SCV  
  15  0:47  Barracks  
  16  0:51  Refinery  
  16  0:54  Refinery  
  16  0:56  SCV  
  17  1:08  SCV  
  18  1:20  SCV  
  19  1:29  Supply Depot  
  19  1:32  SCV  
  20  1:40  Factory  
  20  1:47  Barracks Reactor  
  20  1:58  Barracks  
  20  2:02  Orbital Command  
  20  2:22  Supply Depot  
  20  2:27  Starport  
  20  2:31  Widow Mine  
  22  2:37  Marine  
  22  2:40  Marine  
  24  2:47  Marine  
  25  2:52  SCV  
  26  2:59  Widow Mine  
  28  3:17  Marine  
  29  3:22  Medivac  
  29  3:23  Medivac  
  29  3:26  Marine  
  34  3:33  SCV, Supply Depot  
  35  3:35  Marine  
  36  3:41  Factory Tech Lab  
  36  3:44  Marine  
  37  3:53  Marine  
  37  3:54  Engineering Bay  
  38  4:02  Marine  
  39  4:11  Marine  
  39  4:12  Medivac  
  42  4:19  SCV  
  42  4:20  Marine  
  44  4:28  Marine  
  45  4:38  Marine  
  46  4:46  Marine, Supply Depot  
  46  4:49  Armory  
  47  5:02  Barracks Tech Lab  
  47  5:05  Barracks Tech Lab  
  47  5:07  Siege Tank  
  47  5:11  Medivac x2  
  37  6:28  Stimpack, Combat Shields  
  37  6:32  Command Center  
  37  6:35  Terran Infantry Weapons Level 1, Barracks  
  37  6:36  Barracks  
  37  6:44  SCV  
  38  6:56  SCV  
  37  7:10  Siege Tank  
  40  7:16  Viking x2  
  40  7:19  SCV  
  45  7:25  Refinery  
  45  7:26  Barracks Reactor x2  
  45  7:31  SCV  
  46  7:43  SCV  
  47  7:48  Orbital Command  
  47  7:55  SCV  
  48  7:59  Missile Turret  
  48  8:03  Missile Turret  
  48  8:05  Siege Tank  
  51  8:07  SCV, Marauder x2  
  56  8:29  Refinery  
  56  8:31  SCV x2  
  58  8:43  SCV x2  
  59  8:55  SCV  
  59  8:56  SCV  
  61  9:04  Marauder x2  
  61  9:05  Concussive Shells  
  61  9:06  Marine x2  
  61  9:07  Marine x2  
  61  9:08  SCV  
  70  9:12  Engineering Bay  
  70  9:17  Supply Depot x2  
  70  9:19  Supply Depot  
  70  9:39  SCV x2  
  76  9:51  SCV x2  
Tags
 
Composition
MMM Bio
League
GoldGold
Matchup
PvT
Opening
1/1/1
Replay Pack
All Mines
Spawn Locations
Cross Positions
Add a new tag
Caveats
  • Supply blocks, unpowered buildings, or Contaminate may cause inaccurate times.
  • Supply counts are checked every 10 seconds.